 Dungeon Crawl Stone Soup version 0.30-a0-634-g8abc85282e (webtiles) character file.

Game seed: 3604454133870860963

128 Leeroy the Slasher (level 5, -3/30 HPs)
             Began as a Tengu Warper on Jan 14, 2023.
             Killed by divine providence
             ... invoked by an orc priest
              (13 damage)
             ... on level 4 of the Dungeon.
             The game lasted 00:01:19 (680 turns).

Leeroy the Slasher (Tengu Warper)                    Turns: 680, Time: 00:01:20

Health: -3/30      AC:  9    Str: 11    XL:     5   Next: 12%
Magic:  9/9        EV: 14    Int: 14    God:
Gold:   59         SH:  0    Dex: 15    Spells: 8/8 levels left

rFire   . . .      SeeInvis .    a - +0 falchion
rCold   . . .      Faith    .    (no shield)
rNeg    . . .      Spirit   .    b - +0 leather armour
rPois   .          Reflect  .    (helmet restricted)
rElec   .          Harm     .    m - +1 cloak
rCorr   .          Rampage  .    (no gloves)
Will    .....                    (boots unavailable)
Stlth   +                        (no amulet)
HPRegen 0.25/turn                e - +4 ring of protection
MPRegen 0.11/turn                (no ring)

@: flying quickly and evasively, quick
A: beak, talons 3, nimble flight
a: no special abilities


You were on level 4 of the Dungeon.
You visited 1 branch of the dungeon, and saw 3 of its levels.

You collected 59 gold pieces.

Inventory:

Hand Weapons
 a - a +0 falchion (weapon)
Missiles
 d - 7 boomerangs of dispersal (quivered)
 j - 2 poisoned darts
Armour
 b - a +0 leather armour (worn)
 m - a +1 cloak (worn)
Jewellery
 e - a +4 ring of protection (left hand)
Scrolls
 c - a scroll of blinking
 f - a scroll of poison {unknown}
 g - 2 scrolls of vulnerability
 h - 3 scrolls of identify
 i - 2 scrolls of immolation {unknown}
 l - a scroll of teleportation {unknown}
Potions
 k - a potion of brilliance {unknown}
 n - a potion of attraction {unknown}
 o - a potion of flight {unknown}


   Skills:
 - Level 2.0 Fighting
 + Level 5.6 Long Blades
 - Level 1.0 Throwing
 - Level 1.1 Armour
 - Level 2.1 Dodging
 - Level 2.0 Spellcasting
 - Level 2.4 Translocations


You had 8 spell levels left.
You didn't know any spells.
Your spell library contained the following spells:

 Spells                   Type           Power      Damage    Failure   Level
 Blink                    Tloc           16%        N/A       19%         2
 Lesser Beckoning         Tloc           16%        N/A       34%         3
 Teleport Other           Tloc           8%         N/A       34%         3
 Vhi's Electric Charge    Tloc/Air       8%         N/A       50%         3
 Manifold Assault         Tloc           8%         N/A       75%         4
 Freezing Cloud           Conj/Ice/Air   0%         6-21      100%        5
 Simulacrum               Ice/Necr       0%         N/A       100%        6
 Polar Vortex             Ice            0%         N/A       100%        9


Dungeon Overview and Level Annotations

Branches:
Dungeon (2/15)

Altars:

Shops:
D:1 =


Innate Abilities, Weirdness & Mutations

You have a beak for a mouth.
You have claws for feet.
Your magical nature lets you fly swiftly and evasively.


Message History

Ouch! That really hurt!
Found 12 gold pieces and a red potion.
There are monsters nearby!
There are monsters nearby!
You reach down and close the large door.
As you read the scroll labelled OPSUW EQEANWAN, it crumbles to dust.
It is a scroll of identify.
g - 2 scrolls of vulnerability An orc priest opens the large door.
An orc comes into view. It is wielding a +0 club.
You reach down and close the large door.
An orc priest breaks down the large door.
An orc priest comes into view. It is wielding a +0 flail.
Found a scroll of identify.
Found a stone staircase leading up.
The orc shouts! x2; The orc priest shouts!
The orc priest moves out of view.
There is a large broken door here.
You closely miss the orc. The orc hits you with a +0 club.
You closely miss the orc. The orc hits you but does no damage.
You hit the orc. Your kick misses the orc.
The orc is moderately wounded.
The orc hits you with a +0 club.
* * * LOW HITPOINT WARNING * * *
Unknown command.
You slash the orc!
You kill the orc!
You hit the orc but do no damage. The orc misses you.
You hit the orc but do no damage. The orc hits you but does no damage.
You hit the orc. You claw the orc.
You kill the orc!
You hit the orc priest.
You claw the orc priest, but do no damage.
You peck the orc priest.
The orc priest is heavily wounded.
The orc priest begins to cast a cantrip, but forgets the words!
You hit the orc priest. Your peck misses the orc priest.
The orc priest is heavily wounded.
The orc priest mumbles some strange prayers to Beogh against you.
Beogh smites you!
You die...

...#+#+#. #........
#.......# #.......+
#.......#
#.......########..#
#.......'.........#
#.......########..#
######@## #o#


oo. ....# ..$... .?...... ...!..... ....<#..... You could see 2 orc priests and
an orc.

Vanquished Creatures
  A phantom (D:2)
  2 adders
  A worm (D:2)
  A dart slug (D:1)
  2 orcs (D:4)
  3 bats (D:1)
  An endoplasm (D:2)
  2 goblins (D:1)
  5 hobgoblins
  2 quokkas (D:1)
  2 ball pythons (D:1)
  2 frilled lizards (D:1)
  4 kobolds
  2 rats
30 creatures vanquished.

Notes
Turn   | Place    | Note
-------+----------+-------------------------------------------
     0 | D:1      | Leeroy the Tengu Warper began the quest for the Orb.
     0 | D:1      | Reached XP level 1. HP: 12/12 MP: 4/4
    84 | D:1      | Reached skill level 3 in Long Blades
    84 | D:1      | Reached XP level 2. HP: 14/17 MP: 6/6
   156 | D:1      | Found Dohiniext's Jewellery Shoppe.
   483 | D:1      | Reached XP level 3. HP: 21/21 MP: 7/7
   491 | D:2      | Reached skill level 4 in Long Blades
   562 | D:2      | Noticed a phantom
   569 | D:2      | Killed a phantom
   570 | D:2      | Reached skill level 5 in Long Blades
   570 | D:2      | Reached XP level 4. HP: 23/26 MP: 8/8
   647 | D:2      | Gained mutation: Your magical nature lets you fly swiftly
                  | and evasively. [Tengu growth]
   647 | D:2      | Reached XP level 5. HP: 30/30 MP: 9/9
   660 | D:2      | You are sucked into a shaft and drop 2 floors!
   680 | D:4      | Killed from afar by an orc priest

Illustrated notes

Levels and vault maps discovered:
D:1:      mushboom_english_gardens, layout_rooms, serial_shops, shop
D:2:      layout_basic, amcnicky_mini_corridor_feature, kennysheep_another_room,
          amcnicky_mini_pool_small
D:4:      layout_basic, minmay_temple_entry_statues, uniq_ijyb

Skill      XL: |  1  2  3 |
---------------+----------+-----
Long Blades    | 3 5 |  5.6
Fighting       | |  2.0
Throwing       | |  1.0
Armour         | |  1.1
Dodging        | |  2.1
Spellcasting   | |  2.0
Translocations | |  2.4

Action                   |  1- 3 |  4- 6 || total
-------------------------+-------+-------++-------
Melee: Falchion          |    55 |    16 ||    71
       Kick              |    13 |     3 ||    16
       Peck              |     9 |     2 ||    11
       Punch             |     1 |       ||     1
  Use: Scroll            |       |     1 ||     1
Armor: Leather armour    |    27 |     5 ||    32
Dodge: Dodged            |    38 |     5 ||    43

Table legend: (Time is in decaauts)
 A = Elapsed time spent in this place.
 B = Non-inter-level travel time spent in this place.
 C = Inter-level travel time spent in this place.
 D = Time resting spent in this place.
 E = Time spent auto-exploring this place.
 F = Levels seen in this place.
 G = Mean time per level.
                   A        B        C        D        E       F      G
               +--------+--------+--------+--------+--------+-----+--------+
         Total |    686 |    662 |     24 |      0 |    468 |   3 |  228.7 |
       Dungeon |    686 |    662 |     24 |      0 |    468 |   3 |  228.7 |
               +--------+--------+--------+--------+--------+-----+--------+

Top non-repeatable levels by time:
     D:1: 475 daAuts
     D:2: 191 daAuts
     D:4: 19 daAuts
